 Dungeon Crawl Stone Soup version 0.31-a0-180-g519b7de00c (webtiles) character file.

Game seed: 45427941426545666

189 qw the Shooter (level 5, -4/49 HPs)
             Began as a Naga Hunter on June 20, 2023.
             Slain by Pargi (5 damage)
             ... on level 4 of the Dungeon.
             The game lasted 00:00:59 (2245 turns).

qw the Shooter (Naga Hunter)                        Turns: 2245, Time: 00:00:59

Health: -4/49      AC:  3    Str: 16 (19) XL:     5   Next: 68%
Magic:  5/5        EV:  9    Int: 10      God:
Gold:   258        SH:  0    Dex: 15 (16) Spells: 4/4 levels left

rFire   . . .        Y - +0 shortbow
rCold   . . .        (shield currently unavailable)
rNeg    + . .        c - +0 leather armour
rPois   +            (no helmet)
rElec   .            (no cloak)
rCorr   .            (no gloves)
SInv    +            (no barding)
Will    .....        (no amulet)
Stlth   ++           f - ring of positive energy
HPRegen 0.28/turn    a - +6 ring of strength
MPRegen 0.09/turn

%: no passive effects
@: short of breath, very slow
A: AC +1, large, see invisible, deformed body, poison resistance, slowness 2,
spit poison 1, naga tail 1
a: Spit Poison


You were on level 4 of the Dungeon.
You visited 1 branch of the dungeon, and saw 4 of its levels.

You collected 258 gold pieces.


Innate Abilities, Weirdness & Mutations

Your serpentine skin is tough. (AC +1)
You have supernaturally acute eyesight. (SInv)
Armour fits poorly on your strangely shaped body.
Your system is resistant to poisons. (rPois)
You cover ground very slowly.
You can spit poison.
You have a snake-like lower body.


   Skills:
 - Level 3.0 Fighting
 + Level 5.7 Ranged Weapons
 - Level 1.5 Dodging
 - Level 1.5 Stealth


You had 4 spell levels left.
You didn't know any spells.
Your spell library was empty.

Inventory:

Hand Weapons
 Y - a +0 shortbow (weapon)
Armour
 c - a +0 leather armour (worn)
Jewellery
 a - a +6 ring of strength (right hand)
 d - a ring of fire
 e - a ring of ice
 f - a ring of positive energy (left hand)
Scrolls
 b - a scroll of brand weapon {unknown}
 j - a scroll of identify
Potions
 g - a potion of haste
 h - 2 potions of enlightenment
 i - a potion of curing

Dungeon Overview and Level Annotations

Branches:
Dungeon (4/15)
 Temple: D:4-7

Altars:

Annotations:
D:4 Pargi


Message History

Press: ? - help, Shift-Dir - straight line, f - Pargi The splash of poison hits Pargi.
Pargi is poisoned.
Pargi is lightly wounded.
You shoot an arrow. The arrow misses Pargi.
You shoot an arrow. The arrow barely misses Pargi.
You shoot an arrow. The arrow hits Pargi.
Pargi is lightly wounded.
You shoot an arrow. The arrow closely misses Pargi.
Pargi bites you. Pargi claws you. x2
You shoot an arrow. The arrow closely misses Pargi.
You have got your breath back.
Pargi closely misses you.
Pargi barely misses you. x2; Pargi bites you.
Pargi claws you. Pargi closely misses you.
2239 ||| INVOKING Spit Poison.
Aiming: Spit Poison (1% risk of failure)
Press: ? - help, Shift-Dir - straight line, f/p - Pargi The splash of poison hits Pargi.
Pargi looks even sicker.
Pargi is moderately wounded.
Pargi bites you but does no damage. Pargi claws you. Pargi barely misses you.
You shoot an arrow. The arrow barely misses Pargi.
Pargi bites you. Pargi barely misses you. Pargi claws you.
You shoot an arrow. The arrow barely misses Pargi.
Pargi barely misses you. Pargi claws you. Pargi claws you but does no damage.
You shoot an arrow. The arrow closely misses Pargi.
You have got your breath back.
Pargi bites you. Pargi claws you but does no damage. Pargi barely misses you.
2243 ||| INVOKING Spit Poison.
Aiming: Spit Poison (1% risk of failure)
Press: ? - help, Shift-Dir - straight line, f/p - Pargi The splash of poison hits Pargi.
Pargi is moderately wounded.
Pargi clenches his claws.
Pargi bites you. Pargi claws you. x2
You shoot an arrow. The arrow hits Pargi!
Pargi is heavily wounded.
Pargi bites you! Pargi claws you. x2
You shoot an arrow. The arrow hits Pargi.
Pargi is severely wounded.
Pargi bites you.
You die...

......#.#
#...#####
......'.#
##......#
......###
######.#
......#
#.#
......#
#.#
#######
#.#
#####.#
#.....#
#@###.#
#T# ###
#.# #.#
#.# #.#
#.# ..#


You could see Pargi (poisoned).

Vanquished Creatures
  A jelly (D:4)
  An orc wizard (D:3)
  3 gnolls (D:3)
  An adder (D:2)
  A dart slug (D:1)
  9 orcs
  6 ball pythons
  6 bats (D:1)
  7 endoplasms
  2 giant cockroaches (D:3)
  4 goblins
  10 hobgoblins
  6 kobolds
  A quokka (D:2)
  7 frilled lizards
  25 rats
90 creatures vanquished.

Notes
Turn   | Place    | Note
-------+----------+-------------------------------------------
     0 | D:1      | qw the Naga Hunter began the quest for the Orb.
     0 | D:1      | Reached XP level 1. HP: 19/19 MP: 1/1
     0 | D:1      | 0 ||| qw: Version: 0.3-a-7-ge0c9b40
     0 | D:1      | 0 ||| qw: Game counter: 1114
     0 | D:1      | 0 ||| qw: Always use a shield: true
     0 | D:1      | 0 ||| qw: God list: Okawaru
     0 | D:1      | 0 ||| qw: Allow faded altars: false
     0 | D:1      | 0 ||| qw: Do Orc after D:15 true
     0 | D:1      | 0 ||| qw: Do second Lair branch before Depths: true
     0 | D:1      | 0 ||| qw: Lair rune preference: random
     0 | D:1      | 0 ||| qw: Plans: Normal
     0 | D:1      | 0 ||| PLANNING D:1-11
    25 | D:1      | 25 ||| INVOKING Spit Poison.
    28 | D:1      | 28 ||| INVOKING Spit Poison.
    51 | D:1      | 51 ||| INVOKING Spit Poison.
   110 | D:1      | 110 ||| INVOKING Spit Poison.
   114 | D:1      | 114 ||| INVOKING Spit Poison.
   120 | D:1      | 120 ||| INVOKING Spit Poison.
   121 | D:1      | Reached skill level 4 in Ranged Weapons
   121 | D:1      | Reached XP level 2. HP: 26/26 MP: 2/2
   129 | D:1      | 129 ||| INVOKING Spit Poison.
   165 | D:1      | 165 ||| INVOKING Spit Poison.
   266 | D:1      | 266 ||| INVOKING Spit Poison.
   272 | D:1      | 272 ||| INVOKING Spit Poison.
   280 | D:1      | 280 ||| INVOKING Spit Poison.
   303 | D:1      | 303 ||| INVOKING Spit Poison.
   342 | D:1      | 342 ||| INVOKING Spit Poison.
   365 | D:1      | 365 ||| INVOKING Spit Poison.
   366 | D:1      | Reached XP level 3. HP: 32/32 MP: 3/3
   371 | D:1      | 371 ||| INVOKING Spit Poison.
   414 | D:1      | 414 ||| UPGRADING to ring of positive energy.
   415 | D:1      | 415 ||| READING scroll labelled ZATEIC JIRURO.
   416 | D:1      | 416 ||| READING 2 scrolls labelled NYGIXT VUSE.
   417 | D:1      | 417 ||| READING scroll labelled SYRU XEJURIET.
   418 | D:1      | 418 ||| DROPPING scroll of butterflies.
   467 | D:2      | 467 ||| INVOKING Spit Poison.
   602 | D:2      | 602 ||| INVOKING Spit Poison.
   622 | D:2      | 622 ||| INVOKING Spit Poison.
   627 | D:2      | 627 ||| INVOKING Spit Poison.
   630 | D:2      | 630 ||| INVOKING Spit Poison.
   634 | D:2      | 634 ||| INVOKING Spit Poison.
   639 | D:2      | 639 ||| INVOKING Spit Poison.
   644 | D:2      | 644 ||| INVOKING Spit Poison.
   650 | D:2      | 650 ||| INVOKING Spit Poison.
   709 | D:2      | 709 ||| INVOKING Spit Poison.
   714 | D:2      | 714 ||| INVOKING Spit Poison.
   765 | D:2      | 765 ||| INVOKING Spit Poison.
   766 | D:2      | 766 ||| INVOKING Spit Poison.
   808 | D:2      | Identified the staff of the Inferno {*Corrode rC+ Int+2
                  | Stlth+ Ice}
   836 | D:2      | 836 ||| INVOKING Spit Poison.
   918 | D:2      | 918 ||| INVOKING Spit Poison.
   921 | D:2      | Reached skill level 5 in Ranged Weapons
   921 | D:2      | Reached XP level 4. HP: 39/39 MP: 4/4
   923 | D:2      | 923 ||| INVOKING Spit Poison.
   926 | D:2      | 926 ||| INVOKING Spit Poison.
   966 | D:2      | 966 ||| INVOKING Spit Poison.
   994 | D:2      | 994 ||| INVOKING Spit Poison.
  1016 | D:2      | 1016 ||| INVOKING Spit Poison.
  1121 | D:2      | 1121 ||| INVOKING Spit Poison.
  1156 | D:2      | 1156 ||| INVOKING Spit Poison.
  1365 | D:2      | 1365 ||| UPGRADING to +6 ring of strength.
  1366 | D:2      | 1366 ||| DRINKING 2 metallic cyan potions.
  1367 | D:2      | 1367 ||| DRINKING 2 silvery potions.
  1368 | D:2      | 1368 ||| DROPPING potion of degeneration.
  1392 | D:3      | 1392 ||| INVOKING Spit Poison.
  1397 | D:3      | 1397 ||| INVOKING Spit Poison.
  1400 | D:3      | 1400 ||| INVOKING Spit Poison.
  1403 | D:3      | Reached skill level 3 in Fighting
  1464 | D:3      | 1464 ||| INVOKING Spit Poison.
  1528 | D:3      | 1528 ||| INVOKING Spit Poison.
  1615 | D:3      | 1615 ||| INVOKING Spit Poison.
  1681 | D:3      | 1681 ||| INVOKING Spit Poison.
  1684 | D:3      | 1684 ||| INVOKING Spit Poison.
  1688 | D:3      | 1688 ||| INVOKING Spit Poison.
  1716 | D:3      | 1716 ||| INVOKING Spit Poison.
  1722 | D:3      | 1722 ||| INVOKING Spit Poison.
  1725 | D:3      | 1725 ||| INVOKING Spit Poison.
  1726 | D:3      | Reached XP level 5. HP: 47/49 MP: 5/5
  1734 | D:3      | 1734 ||| INVOKING Spit Poison.
  1740 | D:3      | 1740 ||| INVOKING Spit Poison.
  1763 | D:3      | 1763 ||| INVOKING Spit Poison.
  1825 | D:3      | 1825 ||| INVOKING Spit Poison.
  1891 | D:3      | 1891 ||| INVOKING Spit Poison.
  1920 | D:3      | 1920 ||| INVOKING Spit Poison.
  2041 | D:3      | 2041 ||| READING scroll labelled JEWYBI BAIDELU.
  2042 | D:3      | 2042 ||| DRINKING 2 red potions.
  2043 | D:3      | 2043 ||| DRINKING 2 emerald potions.
  2044 | D:3      | 2044 ||| READING 2 scrolls of identify.
  2044 | D:3      | 2044 ||| IDENTIFYING fuming purple potion
  2045 | D:3      | 2045 ||| DROPPING potion of brilliance.
  2094 | D:4      | 2094 ||| INVOKING Spit Poison.
  2105 | D:4      | 2105 ||| INVOKING Spit Poison.
  2125 | D:4      | 2125 ||| INVOKING Spit Poison.
  2149 | D:4      | 2149 ||| INVOKING Spit Poison.
  2232 | D:4      | Noticed Pargi
  2233 | D:4      | 2233 ||| INVOKING Spit Poison.
  2239 | D:4      | 2239 ||| INVOKING Spit Poison.
  2243 | D:4      | 2243 ||| INVOKING Spit Poison.
  2243 | D:4      | HP: 12/49 [Pargi (3)]
  2244 | D:4      | HP: 5/49 [Pargi (8)]
  2244 | D:4      | HP: 1/49 [Pargi (3)]
  2245 | D:4      | Slain by Pargi

Levels and vault maps discovered:
D:1:      ncdulo_smallfort, layout_rooms
D:2:      layout_loops_corners, kennysheep_decorative_pillar,
          minmay_splitting_lines, minmay_strange_pillars, serial_park_tiny_1,
          minmay_rat_hole
D:3:      layout_loops_cross
D:4:      layout_basic, grunt_temple_overflow_order_and_chaos_2,
          ebering_ghost_disaster_area, uniq_pargi

Skill      XL: |  1  2  3  4 |
---------------+-------------+-----
Ranged Weapons | 4 5 |  5.7
Fighting       | 3 |  3.0
Dodging        | |  1.5
Stealth        | |  1.5

Action                     |  1- 3 |  4- 6 || total
---------------------------+-------+-------++-------
   Fire: Shortbow          |    71 |    83 ||   154
Ability: Spit Poison       |    29 |    32 ||    61
    Use: Scroll            |     3 |     2 ||     5
         Potion            |       |     4 ||     4
 Armour: Leather armour    |     5 |    10 ||    15
  Dodge: Dodged            |    14 |    21 ||    35

Table legend:
 A = Non-vault XP
 B = Vault XP
 C = Vault XP percentage of total XP
 D = Non-vault monster count
 E = Vault monster count
 F = Vault count percentage of total count
                 A         B        C        D         E       F
            +---------+---------+-------+---------+---------+-------
      Total |     250 |      20 |   7.4 |      71 |      19 |  21.1
            +---------+---------+-------+---------+---------+-------
        D:1 |      39 |       0 |   0.0 |      23 |       0 |   0.0
        D:2 |      41 |      20 |  32.8 |      17 |      19 |  52.8
        D:3 |     118 |       0 |   0.0 |      25 |       0 |   0.0
        D:4 |      52 |       0 |   0.0 |       6 |       0 |   0.0
            +---------+---------+-------+---------+---------+-------
